AoeStats
← MicahKepler

QS Arena

503671710Analyzed
1v1 RM · 29d ago on Sep 1, 2026· 34m 59s· 2 players
Game mode
Random Map
Map size
Tiny (2 player)
Population
200
Speed
Normal
Resources
Standard
Victory
Conquest
Starting age
Dark Age
Ending age
Imperial Age
RankedLock teamsTeams togetherTeam positionsShared explorationLock speedFull tech treeHidden civsTurbo modeCheats
Victory
Defeat
🇲🇽 Khmer · Mexico
519
+15
🇺🇸 Franks · United States
489
-25
MicahKepler
11:31 Feudal Age
14:53 Scale Barding Armor
14:59 Forging
17:39 Double-Bit Axe
25:07 Castle Age
marcooo14
8:49 Feudal Age
9:20 Double-Bit Axe
18:21 Castle Age
16:27 Stone Mining
16:35 Gold Mining
16:40 Horse Collar
19:16 Scale Barding Armor
19:46 Pikeman
25:20 Bow Saw
26:15 Fletching
26:26 Padded Archer Armor
27:07 Bodkin Arrow
30:41 Stone Shaft Mining
30:45 Gold Shaft Mining
30:42 Murder Holes
31:08 Ballistics
33:27 Leather Archer Armor
37:18 Imperial Age
Connection lost

Rejoining the realm…

Still unreachable

The connection could not be restored.

Session expired

The server has moved on; the page needs a fresh start.